 Dungeon Crawl Stone Soup version 0.27.1-34-g3ba077fa99 (webtiles) character file.

Game seed: 10353694441085317845

34415 ThiefFrogPaladin the Bludgeoner (level 13, -2/118 HPs)
             Began as a Minotaur Berserker on Jan 17, 2022.
             Was a High Priest of Trog.
             Killed from afar by an ogre mage (8 damage)
             ... with a bolt of magma
             ... on level 2 of the Orcish Mines on Jan 18, 2022.
             The game lasted 01:30:14 (12993 turns).

ThiefFrogPaladin the Bludgeoner (MiBe)             Turns: 12993, Time: 01:30:14

Health: -2/118     AC: 22    Str: 27    XL:     13   Next: 42%
Magic:  12/12      EV:  9    Int:  4    God:    Trog [*****.]
Gold:   1740       SH:  0    Dex: 10    Spells: 12/12 levels left

rFire    + . .     SeeInvis .   d - +2 great mace (flame)
rCold    . . .     Faith    .   (shield currently unavailable)
rNeg     . . .     Spirit   .   j - +0 plate armour
rPois    .         Reflect  .   L - +0 hat
rElec    .         Harm     .   g - +0 cloak
rCorr    .         Rampage  .   z - +0 pair of gloves
Will     +....                  c - +0 pair of boots
Stlth    ..........             (no amulet)
HPRegen  0.29/turn              m - ring of protection from fire
MPRegen  0.13/turn              P - ring of willpower

@: no status effects
A: horns 2, retaliatory headbutt
a: Renounce Religion, Berserk, Trog's Hand, Brothers in Arms


You were on level 2 of the Orcish Mines.
You worshipped Trog.
Trog was extremely pleased with you.
You visited 2 branches of the dungeon, and saw 14 of its levels.

You collected 1830 gold pieces.
You spent 90 gold pieces at shops.

Inventory:

Hand Weapons
 d - a +2 great mace of flaming (weapon)
 v - a +2 vorpal flail
 B - the +5 whip "Gram" {chaos, *Slow Fly rN+++ Dex-2}
   (You found it on level 6 of the Dungeon)

   Each time it hits an enemy it has a different, random effect.
   Dex:       It affects your dexterity (-2).
   rN:        It renders you almost immune to negative energy.
   Fly:       It grants you flight.
   *Slow:     It may slow you when you take damage.
 J - the +8 hand axe "Plog" {spect, rN+ Str-2 Int+9}
   (You found it on level 10 of the Dungeon)

   When its wielder attacks, the weapon's spirit leaps out and strikes again.
   The spirit shares a part of any damage it takes with its wielder.
   Str:       It affects your strength (-2).
   Int:       It affects your intelligence (+9).
   rN:        It protects you from negative energy.
Missiles
 e - 61 poisoned darts (quivered)
 q - 5 throwing nets
 s - 9 boomerangs
Armour
 b - a +0 buckler
 c - a +0 pair of boots (worn)
 g - a +0 cloak (worn)
 j - a +0 plate armour (worn)
 z - a +0 pair of gloves (worn)
 L - a +0 hat (worn)
Jewellery
 i - a ring of fire
 m - a ring of protection from fire (left hand)
 u - a ring of positive energy
 O - a ring of ice
 P - a ring of willpower (right hand)
Wands
 a - a wand of paralysis (14)
 y - a wand of flame (20)
 E - a wand of acid (10)
 R - a wand of polymorph (2)
 T - a wand of iceblast (4)
Scrolls
 h - a scroll of teleportation
 x - 2 scrolls of immolation
 D - a scroll of enchant weapon {unknown}
 K - a scroll of brand weapon
 M - a scroll of blinking {unknown}
 S - a scroll of fog
Potions
 l - a potion of resistance {unknown}
 n - 10 potions of curing
 o - 2 potions of might
 p - 2 potions of heal wounds {unknown}
 t - a potion of haste
 w - a potion of ambrosia {unknown}
 A - a potion of berserk rage {unknown}
 C - 2 potions of mutation {unknown}
 F - 2 potions of lignification {unknown}
 G - 2 potions of degeneration {unknown}
 H - a potion of brilliance {unknown}
 I - 3 potions of flight
Miscellaneous
 Q - a lightning rod (4/4)


   Skills:
 + Level 12.0 Fighting
 + Level 2.5(11.5) Axes
 + Level 16.3(16.4) Maces & Flails
 - Level 3.4(3.8) Polearms
 + Level 1.2 Throwing
 * Level 15.6 Armour
 + Level 4.0 Dodging
 + Level 0.8 Stealth
 + Level 6.1 Shields
 + Level 1.5 Evocations


You had 12 spell levels left.
You didn't know any spells.
Your spell library was empty.

Dungeon Overview and Level Annotations

Branches:
Dungeon (12/15)            Temple (0/1) D:6            Lair (0/6) D:8
    Orc (2/2) D:12            Elf (0/3) Orc:2

Altars:
Ashenzari
Cheibriados
Gozag
Okawaru
Trog
Xom
Zin
The Shining One

Shops:
D:1 !   D:6 [   Orc:2 :??(


Innate Abilities, Weirdness & Mutations

You have a pair of horns on your head.
You reflexively headbutt those who attack you in melee.


Message History

The two-headed ogre is almost dead.
The two-headed ogre closely misses you.
The two-headed ogre hits you with a +0 giant club!
You bludgeon the two-headed ogre!! You burn the two-headed ogre.
You kill the two-headed ogre!
Trog accepts your kill.
Items here: ))))))) [[ ÷÷ †.
Okay, then.
Items here: ))) [.
You see here a +0 giant club.
An ogre comes into view. It is wielding a +0 giant spiked club.
You thump the ogre! You burn the ogre. You headbutt the ogre!
The ogre is almost dead.
The ogre hits you with a +0 giant spiked club.
You barely miss the ogre. You headbutt the ogre.
The ogre is almost dead.
You hit the ogre. You burn the ogre.
You kill the ogre!
Trog accepts your kill.
You see here a +0 giant spiked club.
An ogre mage comes into view. It is wielding a +0 flail.
The ogre mage shouts!
An ogre comes into view. It is wielding a +0 giant spiked club.
The ogre shouts!
You hear two shouts!
A two-headed ogre comes into view.
It is wielding two +0 giant spiked clubs.
You see here a +0 giant spiked club.
A two-headed ogre comes into view.
It is wielding a +0 giant club and a +0 giant spiked club.
The two-headed ogre shouts in stereo!
The two-headed ogre hits you with a +0 giant club.
The two-headed ogre hits you with a +0 giant spiked club.
You barely miss the two-headed ogre.
The two-headed ogre hits you with a +0 giant club!!
* * * LOW HITPOINT WARNING * * *
The two-headed ogre hits you with a +0 giant spiked club!!
* * * LOW HITPOINT WARNING * * *
You bludgeon the two-headed ogre!! You burn the two-headed ogre.
The two-headed ogre is heavily wounded.
The ogre mage gestures at you while chanting.
The bolt of magma hits you! You partially resist.
You die...

##.##.#..#.#####
###...)..## # ##..))##
#..[)## ##.#)## #####
##.#.).# ##.#.##
#.....##
#.....#####...).######
#....@...............
#.....O......).......
#...########..#######
#.O## #............#
#.O# ..............o.
#..#...O.............
#...........∩∩.......
#...........∩∩.......
#..#.................


You could see a two-headed ogre, an ogre mage and an ogre.

Vanquished Creatures
  Jorgrun (Orc:1)
  Gastronok (D:11)
  Snorg (D:10)
  Josephine (D:11)
  Fannar (D:11)
  Harold (D:10)
  4 hydras
  2 ogre magi (Orc:2)
  11 two-headed ogres
  Urug (D:10)
  3 skeletal warriors (D:11)
  An ugly thing (D:12)
  2 slime creatures (D:12)
  3 manticores
  Joseph (D:8)
  A gargoyle (D:12)
  Psyche (D:8)
  6 trolls
  Grinder (D:5)
  A hornet (D:9)
  Prince Ribbit (D:8)
  A shadow (D:12)
  Sigmund (D:5)
  11 yaks
  A wyvern (D:10)
  5 wraiths
  A vampire (D:11)
  A basilisk (D:12)
  2 steam dragons
  2 acid dragons
  Menkaure (D:5)
  A water moccasin (D:6)
  Edmund (D:4)
  An ice beast (D:6)
  8 orc warriors
  2 black bears
  3 necrophages
  23 ogres
  4 centaurs
  A phantom (D:12)
  A kobold brigand (D:8)
  A scorpion (D:4)
  3 bullfrogs
  A gnoll sergeant (D:6)
  A water moccasin skeleton (D:4)
  A troll zombie (D:12)
  18 killer bees
  3 howler monkeys
  A lava snake (D:12)
  A bullfrog zombie (D:6)
  2 centaur zombies (D:8)
  A gnoll shaman (D:6)
  4 hounds
  Crazy Yiuf (D:5)
  8 orc priests
  2 jellies
  A bullfrog skeleton (D:6)
  3 centaur skeletons
  11 orc wizards
  3 iguanas
  7 ogre zombies (D:12)
  9 adders
  14 gnolls
  3 white imps
  2 worms
  4 dart slugs
  29 orcs
  2 bats
  6 endoplasms
  4 giant cockroaches
  6 goblins
  3 hobgoblins
  6 jackals
  3 quokkas
  11 ball pythons
  4 frilled lizards
  A goblin skeleton (D:12)
  A hobgoblin skeleton (D:12)
  6 hobgoblin zombies (D:12)
  10 kobolds
  2 orc skeletons (D:12)
  15 orc zombies (D:12)
  7 rats
337 creatures vanquished.

Vanquished Creatures (others)
  A wizard (D:5)
1 creature vanquished.

Grand Total: 338 creatures vanquished

Notes
Turn   | Place    | Note
-------+----------+-------------------------------------------
     0 | D:1      | ThiefFrogPaladin the Minotaur Berserker began the quest for
                  | the Orb.
     0 | D:1      | Reached XP level 1. HP: 19/19 MP: 0/0
    48 | D:1      | Found Plog's Distillery.
    84 | D:1      | Reached skill level 4 in Maces & Flails
   149 | D:1      | Reached XP level 2. HP: 27/27 MP: 1/1
   359 | D:1      | Found a faded altar of an unknown god.
   758 | D:2      | Reached XP level 3. HP: 33/33 MP: 2/2
   828 | D:2      | Reached ** piety under Trog
   915 | D:2      | Reached skill level 5 in Maces & Flails
   960 | D:2      | Reached XP level 4. HP: 41/41 MP: 3/3
  1944 | D:3      | Reached XP level 5. HP: 44/47 MP: 4/4
  1973 | D:4      | Reached skill level 5 in Fighting
  1974 | D:4      | Reached skill level 1 in Polearms
  2063 | D:4      | Found a shimmering altar of Xom.
  2078 | D:4      | Noticed Edmund
  2086 | D:4      | Killed Edmund
  2087 | D:4      | Reached XP level 6. HP: 56/56 MP: 5/5
  2245 | D:4      | Found Zin's Purification Station.
  2249 | D:4      | Found a glowing silver altar of Zin.
  2264 | D:4      | Bought a potion of curing for 90 gold pieces
  2357 | D:4      | Found a glowing golden altar of the Shining One.
  2380 | D:4      | Reached skill level 6 in Maces & Flails
  2380 | D:4      | Reached skill level 5 in Armour
  2380 | D:4      | Reached XP level 7. HP: 61/61 MP: 6/6
  2458 | D:4      | Reached *** piety under Trog
  2705 | D:5      | Entered Level 5 of the Dungeon
  2724 | D:5      | Found a bloodstained altar of Trog.
  2731 | D:5      | Noticed a wizard
  2737 | D:5      | Killed a wizard
  2805 | D:5      | Noticed Grinder
  2822 | D:5      | Paralysed by Grinder for 6 turns
  2829 | D:5      | Killed Grinder
  2830 | D:5      | Reached skill level 7 in Maces & Flails
  2841 | D:5      | Reached XP level 8. HP: 40/70 MP: 7/7
  3063 | D:5      | Noticed Menkaure
  3071 | D:5      | Reached skill level 8 in Maces & Flails
  3073 | D:5      | Killed Menkaure
  3092 | D:5      | Noticed Sigmund
  3103 | D:5      | Killed Sigmund
  3104 | D:5      | Reached skill level 9 in Maces & Flails
  3409 | D:5      | Found a runed translucent door.
  3410 | D:5      | Noticed Crazy Yiuf
  3414 | D:5      | Killed Crazy Yiuf
  3798 | D:6      | Reached skill level 10 in Maces & Flails
  3891 | D:6      | Reached XP level 9. HP: 78/78 MP: 8/8
  3903 | D:6      | Identified the +5 whip "Gram" {chaos, *Slow Fly rN+++
                  | Dex-2}
  3934 | D:6      | Found a staircase to the Ecumenical Temple.
  4032 | D:6      | Reached skill level 1 in Shields
  4148 | D:6      | Found Dunyruoti's Antique Armour Emporium.
  4254 | D:6      | Reached skill level 11 in Maces & Flails
  4262 | D:6      | Reached **** piety under Trog
  4964 | D:7      | Reached skill level 12 in Maces & Flails
  5072 | D:7      | Found a broken altar of Ashenzari.
  5148 | D:7      | Found an opulent altar of Gozag.
  5308 | D:8      | Noticed a two-headed ogre
  5309 | D:8      | Noticed Psyche
  5324 | D:7      | Killed a two-headed ogre
  5554 | D:8      | Killed Psyche
  5555 | D:8      | Reached XP level 10. HP: 88/88 MP: 9/9
  5636 | D:8      | Reached skill level 13 in Maces & Flails
  5823 | D:8      | Noticed Joseph
  5833 | D:8      | Killed Joseph
  5845 | D:8      | Found a staircase to the Lair.
  5869 | D:8      | Noticed Prince Ribbit
  5873 | D:8      | Killed Prince Ribbit
  5928 | D:8      | Identified a scroll of acquirement
  5928 | D:8      | Acquired 508 gold pieces
  6042 | D:9      | Found an iron altar of Okawaru.
  6205 | D:9      | Reached ***** piety under Trog
  6825 | D:9      | Reached skill level 14 in Maces & Flails
  6914 | D:10     | Entered Level 10 of the Dungeon
  6916 | D:10     | Noticed Urug
  6927 | D:10     | Killed Urug
  7081 | D:10     | Noticed a manticore
  7090 | D:10     | Killed a manticore
  7091 | D:10     | Reached skill level 10 in Armour
  7091 | D:10     | Reached XP level 11. HP: 76/97 MP: 10/10
  7193 | D:10     | Noticed Snorg
  7200 | D:10     | Killed Snorg
  7307 | D:10     | Found a snail-covered altar of Cheibriados.
  7448 | D:10     | Noticed Harold
  7466 | D:10     | Killed Harold
  7645 | D:10     | Identified the +8 hand axe "Plog" {spect, rN+ Str-2 Int+9}
  8185 | D:11     | Noticed a five-headed hydra
  8193 | D:11     | Killed a five-headed hydra
  8194 | D:11     | Reached skill level 1 in Axes
  8223 | D:11     | Noticed Gastronok
  8230 | D:11     | Reached skill level 15 in Maces & Flails
  8463 | D:11     | Killed Gastronok
  8464 | D:11     | Reached skill level 10 in Fighting
  8649 | D:11     | Noticed a skeletal warrior
  8667 | D:11     | Killed a skeletal warrior
  8721 | D:11     | Noticed a skeletal warrior
  8725 | D:11     | Noticed a skeletal warrior
  8735 | D:11     | Killed a skeletal warrior
  8744 | D:11     | Killed a skeletal warrior
  8745 | D:11     | Reached skill level 5 in Shields
  8745 | D:11     | Reached XP level 12. HP: 36/107 MP: 11/11
  9143 | D:11     | Noticed a two-headed ogre
  9161 | D:11     | Noticed Fannar
  9162 | D:11     | Noticed Josephine
  9221 | D:11     | Killed Fannar
  9255 | D:11     | Killed Josephine
  9390 | D:11     | Noticed a five-headed hydra
  9569 | D:12     | Found a staircase to the Orcish Mines.
  9994 | D:12     | Noticed a seven-headed hydra
 10005 | D:12     | Killed a seven-headed hydra
 10217 | D:12     | Killed a five-headed hydra
 10218 | D:12     | Reached skill level 1 in Evocations
 10322 | D:12     | Noticed a seven-headed hydra
 10363 | D:12     | Killed a seven-headed hydra
 10376 | D:12     | Reached skill level 1 in Throwing
 10469 | Orc:1    | Entered Level 1 of the Orcish Mines
 10482 | Orc:1    | Received a gift from Trog
 10482 | Orc:1    | Noticed Jorgrun
 10940 | Orc:1    | HP: 8/165 [Jorgrun/iron shot (56)]
 10940 | Orc:1    | HP: 3/165 [constriction (5)]
 10941 | Orc:1    | Killed Jorgrun
 11496 | Orc:2    | Entered Level 2 of the Orcish Mines
 11498 | Orc:2    | Found a staircase to the Elven Halls.
 11601 | Orc:2    | Noticed a two-headed ogre
 11683 | Orc:2    | Noticed a two-headed ogre
 11699 | Orc:2    | Killed a two-headed ogre
 11703 | Orc:2    | Noticed a two-headed ogre
 11711 | Orc:2    | Killed a two-headed ogre
 11712 | Orc:2    | Reached XP level 13. HP: 100/116 MP: 12/12
 11756 | Orc:2    | Reached skill level 15 in Armour
 11759 | Orc:2    | Reached skill level 16 in Maces & Flails
 12503 | Orc:2    | Found Tuheihoz's Magic Scroll Shoppe.
 12503 | Orc:2    | Found Zeikhlunto's Book Shop.
 12504 | Orc:2    | Found Voyhoov's Weapon Boutique.
 12504 | Orc:2    | Found Hoxeves's Magic Scroll Shoppe.
 12993 | Orc:2    | Killed from afar by an ogre mage

Illustrated notes

Levels and vault maps discovered:
D:1:      saegor_arrival_simple_a, layout_loops_ring, serial_shops, shop,
          basic_ecumenical_altar
D:2:      layout_basic
D:3:      layout_basic
D:4:      layout_gridville, zin_purify, lemuel_crystal_altar,
          mainiacjoe_overflow_catwalk, uniq_edmund
D:5:      layout_loops_cross, trog_wizard, minivault_4,
          hangedman_abyss_or_decor_lesser_grid, uniq_crazy_yiuf_cottage,
          uniq_grinder, uniq_menkaure, uniq_sigmund
D:6:      minmay_bubble_buster, layout_basic, minmay_temple_entry_trees,
          serial_shops, shop
D:7:      layout_basic, mainiacjoe_overflow_cross_hatched,
          grunt_gozag_breadcrumbs
D:8:      layout_rooms, lair_entry_dummy, minivault_11, uniq_psyche,
          uniq_joseph, uniq_prince_ribbit1
D:9:      layout_irregular_city, mainiacjoe_overflow_six_doors_small
D:10:     layout_loops_corners, kennysheep_slug_shrine, uniq_harold, uniq_urug,
          uniq_snorg
D:11:     layout_irregular_city, uniq_gastronok, uniq_fannar, uniq_josephine
D:12:     layout_basic, zombieorc2_lemuel, grunt_tough_drop
Orc:1:    layout_caves, basic_altar, uniq_jorgrun
Orc:2:    st_orc_ogre_mass, layout_caves, serial_shops, nicolae_diamond_shop,
          basic_altar

Skill      XL: |  1  2  3  4  5  6  7  8  9 10 11 12 13 |
---------------+----------------------------------------+-----
Maces & Flails | 4 5 6 7 10 12 14 15 16 | 16.3
Fighting       | 4 5 6 7 9 10 11 12 | 12.0
Armour         | 3 4 5 6 7 8 10 12 14 15 | 15.6
Polearms       | 3 |  3.4
Dodging        | 3 4 |  4.0
Shields        | 1 3 5 6 |  6.1
Axes           | 2 |  2.5
Evocations     | 1 |  1.5
Throwing       | 1 |  1.2
Stealth        | |  0.8

Action                   |  1- 3 |  4- 6 |  7- 9 | 10-12 | 13-15 || total
-------------------------+-------+-------+-------+-------+-------++-------
Melee: Mace              |    65 |    23 |       |       |       ||    88
       Headbutt          |    10 |    11 |    33 |   119 |    20 ||   193
       Halberd           |       |    44 |       |       |       ||    44
       Flail             |       |     9 |   186 |   490 |       ||   685
       Hand axe          |       |       |       |    28 |       ||    28
       Great mace        |       |       |       |    22 |    72 ||    94
Throw: Dart              |     7 |       |       |     4 |       ||    11
Invok: Berserk           |     4 |     2 |     8 |    19 |     1 ||    34
       Trog's Hand       |       |     2 |     2 |     6 |       ||    10
       Brothers in Arms  |       |       |       |     1 |       ||     1
Evoke: Wand              |       |       |       |    10 |     5 ||    15
  Use: Scroll            |       |     1 |     1 |    10 |       ||    12
       Potion            |       |       |       |     5 |     1 ||     6
 Stab: Sleeping          |     1 |       |       |       |       ||     1
Armor: Animal skin       |     4 |       |       |       |       ||     4
       Ring mail         |    10 |       |       |       |       ||    10
       Chain mail        |       |    30 |    95 |       |       ||   125
       Scale mail        |       |    11 |       |       |       ||    11
       Plate armour      |       |       |    33 |   256 |    21 ||   310
Dodge: Dodged            |    37 |    39 |    78 |   170 |    26 ||   350
Block: Buckler           |       |     3 |    20 |    81 |       ||   104
